 Dungeon Crawl Stone Soup version 0.26-a0-835-g8259106e14 (webtiles) character file.

Game seed: 12527320036370754716

716 Kinoniko the Cleaver (level 7, -1/50 HPs)
             Began as a Demonspawn Gladiator on Nov 17, 2020.
             Slain by a centaur (4 damage)
             ... in the Ecumenical Temple.
             The game lasted 00:06:27 (4500 turns).

Kinoniko the Cleaver (Demonspawn Gladiator)         Turns: 4500, Time: 00:06:28

Health: -1/50      AC:  6    Str: 19    XL:     7   Next: 41%
Magic:  7/7        EV:  8    Int:  9    God:
Gold:   36         SH:  0    Dex: 14    Spells: 6/6 levels left

rFire    x . .     SeeInvis +   a - +0 war axe
rCold    + . .     Faith    .   (no shield)
rNeg     . . .     Spirit   .   e - +2 chain mail of Grand Fun {rCorr}
rPois    +         Reflect  .   (no helmet)
rElec    .         Harm     .   (no cloak)
rCorr    +         Rampage  .   (no gloves)
MR       .....                  (no boots)
Stlth    ..........             (no amulet)
HPRegen  0.16/turn              h - ring of see invisible
MPRegen  0.10/turn              q - ring of ice

@: no status effects
A: talons 2, deformed body, poison resistance, powered by pain 2, strong 1, no
potion heal 1
a: no special abilities


You were in the Ecumenical Temple.
You visited 2 branches of the dungeon, and saw 6 of its levels.

You collected 226 gold pieces.
You spent 190 gold pieces at shops.

Inventory:

Hand Weapons
 a - a +0 war axe (weapon)
Missiles
 d - 3 throwing nets (quivered)
Armour
 e - the +2 chain mail of Grand Fun (worn) {rCorr}
   (You bought it in a shop on level 4 of the Dungeon)

   It provides partial protection from all sources of acid and corrosion.
 k - a +1 helmet of see invisible
 t - a +0 plate armour
Jewellery
 h - a ring of see invisible (left hand)
 m - an uncursed ring of resist corrosion {unknown}
 q - a ring of ice (right hand)
 u - an uncursed ring of protection from magic {unknown}
Scrolls
 b - 2 scrolls of magic mapping {unknown}
 c - 4 scrolls of remove curse {unknown}
 l - a scroll of amnesia {unknown}
 n - 5 scrolls of identify {unknown}
 o - 2 scrolls of blinking {unknown}
 p - 3 scrolls of fear {unknown}
 r - a scroll of fog {unknown}
 v - 2 scrolls of teleportation {unknown}
 w - 3 scrolls of enchant weapon {unknown}
 x - a scroll of immolation {unknown}
Potions
 f - a potion of curing {unknown}
 g - a potion of ambrosia {unknown}
 i - a potion of degeneration {unknown}
 j - a potion of might {unknown}
 s - a potion of berserk rage {unknown}
 z - a potion of magic {unknown}


   Skills:
 - Level 2.0 Fighting
 * Level 8.0 Axes
 - Level 1.7 Throwing
 - Level 2.6 Dodging


You had 6 spell levels left.
You didn't know any spells.
Your spell library was empty.

Dungeon Overview and Level Annotations

Branches:
Dungeon (5/15)             Temple (1/1) D:5

Altars:
Ashenzari
Elyvilon
Fedhas
Gozag
Nemelex Xobeh
Qazlal
Sif Muna
Trog
Vehumet
Wu Jian
The Shining One

Shops:
D:4 :[:?(


Innate Abilities, Weirdness & Mutations

You have razor-sharp toenails.
You sometimes gain power by taking damage.
Armour fits poorly on your strangely shaped body.
Your system is resistant to poisons. (rPois)
Your muscles are strong. (Str +2)
Potions are less effective at restoring your health.


Message History

You hit the centaur. Your kick misses the centaur.
The centaur is moderately wounded.
The centaur hits you. The centaur barely misses you.
You hit the centaur but do no damage. You claw the centaur.
The centaur is moderately wounded.
The centaur barely misses you.
You hit the centaur. Your kick misses the centaur.
The centaur is heavily wounded.
The centaur hits you!
* * * LOW HITPOINT WARNING * * *
The centaur hits you!
* * * LOW HITPOINT WARNING * * *
You hit the centaur but do no damage. You claw the centaur!
The centaur is almost dead.
The centaur misses you. The centaur hits you.
* * * LOW HITPOINT WARNING * * *
You closely miss the centaur. You claw the centaur, but do no damage.
The centaur is almost dead.
The centaur hits you.
You die...

≈≈§§§≈≈≈§§≈§§§≈
§≈≈≈≈§§§≈§§§§§≈
≈≈§≈≈≈≈§§§§§≈§≈
≈≈§§§≈...≈≈≈≈≈§
≈≈≈≈≈.....§≈≈§§
§≈≈≈.......≈≈≈§
§§≈...c.....≈≈≈
≈≈§....@.....≈§
§.............≈
§..............
§..............
...............
._..........._.
...............
...............


You could see a centaur.

Vanquished Creatures
  Sigmund (D:4)
  A necrophage (D:4)
  2 ogres (D:4)
  A howler monkey (D:4)
  A jelly (D:5)
  A bullfrog skeleton (D:5)
  A worker ant (D:4)
  A hound skeleton (D:4)
  6 adders
  A white imp (D:5)
  An ufetubus (D:5)
  2 oozes
  An adder zombie (D:5)
  2 worms
  2 dart slugs
  16 orcs
  A bat (D:2)
  5 giant cockroaches
  4 goblins
  13 hobgoblins
  4 jackals (D:2)
  7 kobolds
  A quokka (D:3)
  5 ball pythons
  6 frilled lizards
  A jackal skeleton (D:4)
  7 rats
94 creatures vanquished.

Vanquished Creatures (others)
  3 fungi (D:5)
  9 plants
12 creatures vanquished.

Grand Total: 106 creatures vanquished

Notes
Turn   | Place    | Note
-------+----------+-------------------------------------------
     0 | D:1      | Kinoniko the Demonspawn Gladiator began the quest for the
                  | Orb.
     0 | D:1      | Reached XP level 1. HP: 16/16 MP: 1/1
   148 | D:1      | Reached skill level 3 in Axes
   332 | D:1      | Gained mutation: You sometimes gain a little power by
                  | taking damage. [demonic ancestry]
   332 | D:1      | Reached XP level 2. HP: 21/22 MP: 2/2
   794 | D:2      | Reached XP level 3. HP: 24/27 MP: 3/3
   898 | D:2      | Reached skill level 4 in Axes
  2179 | D:3      | Gained mutation: You have sharp toenails. [demonic
                  | ancestry]
  2179 | D:3      | Reached XP level 4. HP: 33/33 MP: 4/4
  2852 | D:3      | Found a bloodstained altar of Trog.
  2859 | D:3      | Found an opulent altar of Gozag.
  2864 | D:3      | Found an ornate altar of the Wu Jian Council.
  2876 | D:3      | Found a shimmering blue altar of Sif Muna.
  2883 | D:3      | Found a broken altar of Ashenzari.
  2888 | D:3      | Found a radiant altar of Vehumet.
  2895 | D:3      | Found a glowing golden altar of the Shining One.
  2997 | D:4      | Noticed an ogre
  3003 | D:4      | Killed an ogre
  3004 | D:4      | Reached skill level 5 in Axes
  3004 | D:4      | Gained mutation: You sometimes gain power by taking damage.
                  | [demonic ancestry]
  3004 | D:4      | Reached XP level 5. HP: 14/38 MP: 5/5
  3326 | D:4      | Reached skill level 6 in Axes
  3365 | D:4      | Noticed Sigmund
  3367 | D:4      | Noticed a necrophage
  3380 | D:4      | Killed a necrophage
  3381 | D:4      | Reached XP level 6. HP: 15/43 MP: 6/6
  3384 | D:4      | Gained mutation: You are dopey. (Int -2) [potion of
                  | mutation]
  3384 | D:4      | Gained mutation: Potions are less effective at restoring
                  | your health. [potion of mutation]
  3384 | D:4      | Gained mutation: You have a pair of small antennae on your
                  | head. [potion of mutation]
  3398 | D:4      | Killed Sigmund
  3399 | D:4      | Reached skill level 7 in Axes
  3516 | D:4      | Found Ymapo's Antique Armour Shop.
  3521 | D:4      | Bought a dazzling chain mail for 190 gold pieces
  3531 | D:4      | Identified the +2 chain mail of Grand Fun {rCorr} (You
                  | bought it in a shop on level 4 of the Dungeon)
  3593 | D:4      | Gained mutation: You have razor-sharp toenails. [demonic
                  | ancestry]
  3593 | D:4      | Reached XP level 7. HP: 48/50 MP: 7/7
  3685 | D:4      | Found Gunly's Book Shop.
  3691 | D:4      | Found Lagiufu's Book Shoppe.
  3704 | D:4      | Lost mutation: You have a pair of small antennae on your
                  | head. [potion of mutation]
  3704 | D:4      | Lost mutation: You are dopey. (Int -2) [potion of mutation]
  3704 | D:4      | Gained mutation: Armour fits poorly on your strangely
                  | shaped body. [potion of mutation]
  3704 | D:4      | Gained mutation: Your system is resistant to poisons.
                  | (rPois) [potion of mutation]
  3704 | D:4      | Gained mutation: Your muscles are strong. (Str +2) [potion
                  | of mutation]
  3891 | D:4      | Found Xuwk's Magic Scroll Shop.
  3906 | D:4      | Found Vun Buipp's Weapon Shop.
  4011 | D:5      | Entered Level 5 of the Dungeon
  4159 | D:5      | Found a blossoming altar of Fedhas.
  4422 | D:5      | Reached skill level 8 in Axes
  4442 | D:5      | Found a stormy altar of Qazlal.
  4481 | D:5      | Found a staircase to the Ecumenical Temple.
  4492 | Temple   | Entered the Ecumenical Temple
  4500 | Temple   | Slain by a centaur

Illustrated notes

Levels and vault maps discovered:
D:1:      eino_arrival_tree_alley, layout_basic
D:2:      layout_loops_corners, serial_co_window_serial,
          co_window_of_opportunity_a, co_window_paths_a, co_window_cross_1,
          co_window_corner_a, co_window_paths_b, co_window_corner_a,
          co_window_paths_a, co_window_corner_cb, co_window_2corner,
          co_window_of_opportunity_b, co_window_2corner, co_window_corner_b,
          co_window_paths_d, co_window_paths_e, glass_columns_c
D:3:      layout_loops_ring, grunt_temple_overflow_octagram
D:4:      layout_rooms, serial_shops, kennysheep_mini_moat, shop,
          kennysheep_little_box, shop, shop, guppyfry_early_lair_pool,
          uniq_sigmund
D:5:      layout_loops_ring, grunt_temple_overflow_forces_of_nature,
          minmay_temple_entry_large_hall, uniq_crazy_yiuf_cottage
Temple:   compressed_dpeg_triangle_lava_temple

Skill      XL: |  1  2  3  4  5  6  7 |
---------------+----------------------+-----
Axes           | 3 4 5 6 7 8 |  8.0
Fighting       | |  2.0
Throwing       | |  1.7
Dodging        | |  2.6

Action                   |  1- 3 |  4- 6 |  7- 9 || total
-------------------------+-------+-------+-------++-------
Melee: War axe           |   137 |    89 |    58 ||   284
       Kick              |       |    18 |    18 ||    36
  Use: Potion            |       |     5 |     1 ||     6
Armor: Leather armour    |     4 |       |       ||     4
       Scale mail        |    38 |       |       ||    38
       Ring mail         |     3 |       |       ||     3
       Plate armour      |    46 |    48 |       ||    94
       Chain mail        |       |     8 |    25 ||    33
       Skin              |       |     6 |       ||     6
Dodge: Dodged            |    71 |    31 |    36 ||   138

Table legend: (Time is in decaauts)
 A = Elapsed time spent in this place.
 B = Non-inter-level travel time spent in this place.
 C = Inter-level travel time spent in this place.
 D = Time resting spent in this place.
 E = Time spent auto-exploring this place.
 F = Levels seen in this place.
 G = Mean time per level.
                   A        B        C        D        E       F      G
               +--------+--------+--------+--------+--------+-----+--------+
         Total |   4567 |   4400 |    167 |    505 |   3201 |   6 |  761.2 |
       Dungeon |   4559 |   4392 |    167 |    505 |   3201 |   5 |  911.8 |
        Temple |      8 |      8 |      0 |      0 |      0 |   1 |    8.0 |
               +--------+--------+--------+--------+--------+-----+--------+

Top non-repeatable levels by time:
     D:2: 1534 daAuts
     D:4: 1044 daAuts
     D:3: 951 daAuts
     D:1: 544 daAuts
     D:5: 485 daAuts
  Temple: 8 daAuts
